 Dungeon Crawl Stone Soup version 0.28-a0-628-g3c9886e45e (webtiles) character file.

Game seed: 2815658314712057082

2053 lunkers the Magician (level 9, -3/68 HPs)
             Began as a Djinni Cinder Acolyte on Oct 7, 2021.
             Was a High Priest of Ignis.
             Slain by a two-headed ogre (12 damage)
             ... on level 8 of the Dungeon on Oct 8, 2021.
             The game lasted 00:15:04 (8223 turns).

lunkers the Magician (Djinni Cinder Acolyte)        Turns: 8223, Time: 00:15:05

Health: -3/68      AC:  8    Str: 13    XL:     9   Next: 49%
Gold:   251        EV: 14    Int: 18    God:    Ignis [*****.] SH:  0 Dex: 10

rFire   + + +      SeeInvis .   a - -1 short sword (flame)
rCold   . . .      Faith    .   (no shield)
rNeg    . . .      Spirit   .   u - +0 ring mail
rPois   ∞          Reflect  .   x - +0 helmet
rElec   .          Harm     .   j - +0 cloak
rCorr   .          Rampage  .   s - +0 pair of gloves
Will    .....                   (boots unavailable)
Stlth   ..........              (no amulet)
HPRegen 0.21/turn               d - ring of protection from cold
MPRegen 0.00/turn               b - +4 ring of evasion

@: flying
A: sickness immunity, fire resistance 2, cold vulnerability 1, float, innate
caster, hp casting, extra vitality 1
a: Renounce Religion, Sea of Fire, Foxfire Swarm, Rising Flame


You were on level 8 of the Dungeon.
You worshipped Ignis.
Ignis was extremely pleased with you.
You visited 1 branch of the dungeon, and saw 8 of its levels.

You collected 251 gold pieces.

Inventory:

Hand Weapons
 a - a -1 short sword of flaming (weapon)
Armour
 j - a +0 cloak (worn)
 s - a +0 pair of gloves (worn)
 u - a +0 ring mail (worn)
 x - a +0 helmet (worn)
Jewellery
 b - a +4 ring of evasion (right hand)
 d - a ring of protection from cold (left hand)
 m - a ring of positive energy
 t - a ring of protection from fire
 v - a ring of protection from fire
 A - a +6 ring of intelligence
Wands
 p - a wand of mindburst (18)
 B - a wand of acid (11)
 D - a wand of paralysis (7)
Scrolls
 f - 2 scrolls of noise {unknown}
 h - 3 scrolls of magic mapping {unknown}
 k - 2 scrolls of blinking {unknown}
 l - a scroll of torment {unknown}
 n - 2 scrolls of teleportation {unknown}
 q - 4 scrolls of amnesia {unknown}
 r - 4 scrolls of enchant armour {unknown}
 y - a scroll of fear {unknown}
 C - a scroll of brand weapon {unknown}
 E - a scroll of fog {unknown}
Potions
 c - a potion of berserk rage
 e - 3 potions of curing
 g - a potion of might {unknown}
 i - a potion of ambrosia {unknown}
 o - a potion of flight {unknown}
 w - a potion of brilliance {unknown}
 z - a potion of cancellation {unknown}


   Skills:
 + Level 7.5 Fighting
 - Level 2.6 Short Blades
 * Level 7.9 Spellcasting


You had 11 spell levels left.
You knew the following spells:

 Your Spells              Type           Power      Damage    Failure   Level
a - Apportation           Tloc           70%        N/A       1%          1
b - Blink                 Tloc           N/A        N/A       1%          2
c - Lesser Beckoning      Tloc           35%        N/A       2%          3
d - Hailstorm             Conj/Ice       35%        3d9       9%          4
p - Scorch                Fire           70%        2d8       1%          2
Your spell library was empty.

Dungeon Overview and Level Annotations

Branches:
Dungeon (8/15)             Temple (0/1) D:4
   Lair: D:8-11

Altars:
Cheibriados
Wu Jian


Innate Abilities, Weirdness & Mutations

You are immune to sickness and miasma.
You are immune to poison.
Your flesh is very heat resistant. (rF++)
You are vulnerable to cold. (rC-)
You float through the air rather than walking.
You learn spells naturally, not from books.
Your magical power is your life essence.
You have superior vitality. (+4 HP)


Message History

Done exploring.
Done exploring.
Done exploring.
(D) Dungeon (T) Temple
Where to? (Enter - D:7, ? - help)
What level of the Dungeon? (default 1, ? - help)
There is a stone staircase leading down here.
You fly downwards.
There is a stone staircase leading up here.
You now have 251 gold pieces (gained 16).
A two-headed ogre comes into view. It is wielding two +0 giant clubs.
The two-headed ogre shouts in stereo!
A two-headed ogre is nearby!
A two-headed ogre is nearby!
A two-headed ogre is nearby!
Casting: Scorch (safe; 1% risk of failure)
Press: ? - help, Q - select action, (/) - cycle Dir - look around, f - activate Flames lash the two-headed ogre.
The two-headed ogre is lightly wounded.
The two-headed ogre's fire resistance burns away.
Casting: Scorch (safe; 1% risk of failure)
Press: ? - help, Q - select action, (/) - cycle Dir - look around, f - activate Flames lash the two-headed ogre.
The two-headed ogre is burned terribly!
The two-headed ogre is moderately wounded.
The two-headed ogre barely misses you.
The two-headed ogre hits you with a +0 giant club!!
Casting: Scorch (safe; 1% risk of failure)
Press: ? - help, Q - select action, (/) - cycle Dir - look around, f - activate Flames lash the two-headed ogre.
The two-headed ogre is burned terribly!
The two-headed ogre is heavily wounded.
* * * LOW HITPOINT WARNING * * *
Casting: Scorch (safe; 1% risk of failure)
Press: ? - help, Q - select action, (/) - cycle Dir - look around, f - activate Flames lash the two-headed ogre.
The two-headed ogre is burned terribly!
The two-headed ogre is severely wounded.
* * * LOW HITPOINT WARNING * * *
The two-headed ogre hits you with a +0 giant club!!
* * * LOW HITPOINT WARNING * * *
The two-headed ogre hits you with a +0 giant club!
You die...

#..............#
#.##.###....##.#
#.#.##.###.##.##.#######
#........#.##..........#
##..####.#.#####.#####.#
#. #.#.#####.# #.# #
#.#.......# ##.##
..##.##.######### #....
#......@.# #..##
.#.!...#O# #..##
...#.#..... #...< .#
#.#.#.#... #.##. #
..#.#..... #.... .....#
#### ####. ....... #.
#######. .. ##.


You could see a two-headed ogre (combustible).

Vanquished Creatures
  Grinder (D:3)
  A steam dragon (D:7)
  2 water moccasins
  3 sky beasts
  A necrophage (D:5)
  2 black bears
  2 centaurs
  A scorpion (D:7)
  A water moccasin zombie (D:7)
  2 water moccasin skeletons
  3 hounds
  A centaur skeleton (D:7)
  An orc priest (D:4)
  3 jellies
  An iguana (D:4)
  An orc wizard (D:4)
  A hound zombie (D:5)
  10 gnolls
  10 adders
  A white imp (D:7)
  2 ufetubi
  An adder skeleton (D:4)
  3 worms
  A dart slug (D:1)
  8 orcs (D:4)
  9 endoplasms
  3 giant cockroaches
  5 goblins
  3 hobgoblins
  7 jackals
  7 quokkas
  8 ball pythons
  6 bats
  3 frilled lizards
  4 kobolds
  6 rats
124 creatures vanquished.

Vanquished Creatures (others)
  6 plants (D:5)
6 creatures vanquished.

Grand Total: 130 creatures vanquished

Notes
Turn   | Place    | Note
-------+----------+-------------------------------------------
     0 | D:1      | lunkers the Djinni Cinder Acolyte began the quest for the
                  | Orb.
     0 | D:1      | Reached XP level 1. HP: 20/20 MP: 0/0
    79 | D:1      | Reached XP level 2. HP: 19/25 MP: 0/0
   885 | D:1      | Reached XP level 3. HP: 26/30 MP: 0/0
   885 | D:1      | Learned a level 1 spell: Apportation
  1007 | D:1      | Found a faded altar of an unknown god.
  1945 | D:2      | Reached XP level 4. HP: 22/36 MP: 0/0
  2928 | D:3      | Found a snail-covered altar of Cheibriados.
  2948 | D:3      | Reached XP level 5. HP: 23/41 MP: 0/0
  2948 | D:3      | Learned a level 2 spell: Blink
  3202 | D:3      | Found an ornate altar of the Wu Jian Council.
  3793 | D:3      | Noticed Grinder
  3802 | D:3      | Killed Grinder
  3803 | D:3      | Reached XP level 6. HP: 28/49 MP: 0/0
  3803 | D:3      | Reached XP level 7. HP: 30/53 MP: 0/0
  3803 | D:3      | Learned a level 3 spell: Lesser Beckoning
  4385 | D:4      | Reached skill level 5 in Fighting
  4448 | D:4      | Reached skill level 5 in Spellcasting
  5156 | D:4      | Upgraded the game from 0.28-a0-622-gbaef9634d7 to
                  | 0.28-a0-628-g3c9886e45e
  5302 | D:4      | Found a staircase to the Ecumenical Temple.
  5454 | D:5      | Entered Level 5 of the Dungeon
  5462 | D:5      | Noticed a water moccasin
  5466 | D:5      | Killed a water moccasin
  5467 | D:5      | Reached XP level 8. HP: 47/61 MP: 0/0
  7063 | D:6      | Reached XP level 9. HP: 43/67 MP: 0/0
  7063 | D:6      | Learned a level 4 spell: Hailstorm
  8217 | D:8      | Noticed a two-headed ogre
  8223 | D:8      | Slain by a two-headed ogre

Illustrated notes

Levels and vault maps discovered:
D:1:      denvon_arrival_planthouse, layout_loops_ring,
          shapermc_ecumenical_altar_flowoftime
D:2:      layout_loops_corners, minmay_hexomino_u4
D:3:      layout_rooms, mainiacjoe_overflow_small_starburst,
          nzn_wu_jian_contemplation, gup_sewer_entry_bowl, uniq_grinder
D:4:      kennysheep_big_flooded_room, layout_cave_pools,
          minmay_temple_entry_poolview
D:5:      layout_basic, guppyfry_early_lair_pool
D:6:      layout_basic
D:7:      layout_loops_cross
D:8:      layout_loops_cross, cheibrodos_ashenzari_chains,
          lemuel_zombie_altar_yredelemnul, uniq_erica

Skill      XL: |  1  2  3  4  5  6  7  8  9 |
---------------+----------------------------+-----
Spellcasting   | 3 4 5 7 |  7.9
Fighting       | 4 5 6 7 |  7.5
Short Blades   | |  2.6

Action                   |  1- 3 |  4- 6 |  7- 9 || total
-------------------------+-------+-------+-------++-------
Melee: Short sword       |    19 |     2 |    12 ||    33
 Cast: Scorch            |    34 |    57 |   142 ||   233
  Use: Scroll            |       |       |     4 ||     4
Armor: Robe              |     4 |     5 |       ||     9
       Ring mail         |       |     3 |    36 ||    39
Dodge: Dodged            |    20 |     8 |    69 ||    97

Table legend: (Time is in decaauts)
 A = Elapsed time spent in this place.
 B = Non-inter-level travel time spent in this place.
 C = Inter-level travel time spent in this place.
 D = Time resting spent in this place.
 E = Time spent auto-exploring this place.
 F = Levels seen in this place.
 G = Mean time per level.
                   A        B        C        D        E       F      G
               +--------+--------+--------+--------+--------+-----+--------+
         Total |   8218 |   8006 |    212 |    145 |   6996 |   8 | 1027.2 |
       Dungeon |   8218 |   8006 |    212 |    145 |   6996 |   8 | 1027.2 |
               +--------+--------+--------+--------+--------+-----+--------+

Top non-repeatable levels by time:
     D:2: 1544 daAuts
     D:3: 1496 daAuts
     D:1: 1327 daAuts
     D:5: 1142 daAuts
     D:4: 1081 daAuts
     D:7: 903 daAuts
     D:6: 660 daAuts
     D:8: 60 daAuts
